 Dungeon Crawl Stone Soup version 0.18-a0-1405-g73f4075 (console) character file.

54 Liam the Magician (level 3, -3/19 HPs)
             Began as a Deep Elf Wizard on Feb 24, 2016.
             Slain by Natasha (7 damage)
             ... on level 3 of the Dungeon.
             The game lasted 00:03:07 (2600 turns).

Liam the Magician (Deep Elf Wizard)                 Turns: 2600, Time: 00:03:07

Health: -3/19      AC:  2    Str:  1 (4)  XL:     3   Next: 66%
Magic:  5/12       EV: 12    Int: 21 (23) God:
Gold:   64         SH:  0    Dex: 10 (13) Spells: 5 memorised, 2 levels left

rFire  . . .     SeeInvis .     (no weapon)
rCold  . . .     Gourm    .     a - +0 robe
rNeg   . . .     Faith    .     (no shield)
rPois  .         Spirit   .     b - +0 hat
rElec  .         Dismiss  .     (no cloak)
rCorr  .         Reflect  .     (no gloves)
SustAt .         Harm     .     (no boots)
MR     .....                    (no amulet)
Stlth  ++........               (no ring)
                                (no ring)

@: not resistant to hostile enchantments, unstealthy
A: no striking features
a: no special abilities


You were on level 3 of the Dungeon.
You were hungry.

You visited 1 branch of the dungeon, and saw 3 of its levels.

You collected 64 gold pieces.

Inventory:

Armour
 a - a +0 robe (worn)
 b - a +0 hat (worn)
Jewellery
 e - a +2 ring of evasion {unknown}
 n - an uncursed ring of resist corrosion {unknown}
Wands
 p - a wand of enslavement (14/24)
Scrolls
 g - 2 scrolls of recharging {unknown}
 h - 4 scrolls of amnesia {unknown}
 i - a scroll of teleportation {unknown}
 l - a scroll of remove curse {unknown}
 q - 2 scrolls of identify {unknown}
Potions
 j - a potion of degeneration
 m - a potion of curing
 o - 2 potions of cure mutation {unknown}
Books
 c - a book of Minor Magic

   Spells                             Type                      Level
   a - Magic Dart                     Conjuration                  1
   b - Blink                          Translocation                2
   c - Call Imp                       Summoning                    2
   d - Repel Missiles                 Charms/Air                   2
   e - Slow                           Hexes                        2
   f - Conjure Flame                  Conjuration/Fire             3
   g - Mephitic Cloud                 Conjuration/Poison/Air       3
Comestibles
 d - 2 bread rations
 f - 2 beef jerkies
 k - a slice of pizza


   Skills:
 - Level 2.4 Dodging
 - Level 2.4 Stealth
 + Level 5.5 Spellcasting
 + Level 2.9 Conjurations
   Level 1.1 Summonings
 - Level 1.1 Translocations


You had 2 spell levels left.
You knew the following spells:

 Your Spells              Type           Power        Failure   Level  Hunger
a - Magic Dart            Conj           ###.         3%          1    None
b - Blink                 Tloc           N/A          12%         2    None
d - Mephitic Cloud        Conj/Pois/Air  #.......     24%         3    ##.....
e - Conjure Flame         Conj/Fire      ##......     21%         3    ##.....
m - Repel Missiles        Chrm/Air       #.....       17%         2    None


Dungeon Overview and Level Annotations

Branches:
Dungeon (3/15)

Altars:

Annotations:
D:3 Natasha


Message History

Natasha is almost dead.
The goblin shouts!
Natasha closely misses you.
Casting: Magic Dart
Confirm with . or Enter, or press ? or * to list all spells.
Aiming: Magic Dart
Press: ? - help, Shift-Dir - straight line, f/p - Natasha
Aim: Natasha (almost dead)
The magic dart hits Natasha.
Natasha is almost dead.
Natasha closely misses you.
Casting: Magic Dart
Confirm with . or Enter, or press ? or * to list all spells.
Aiming: Magic Dart
Press: ? - help, Shift-Dir - straight line, f/p - Natasha
Aim: Natasha (almost dead)
The magic dart hits Natasha.
Natasha is almost dead.
Natasha claws you!
You die...

#[........
#.........
#.........
#.........
#.....†...
#......... #.
#.K....... . #.
#@hg......
#.##.#
##.#######
....## #.#
....# #.# #<.#
#.#
#.##.###.####.#
#.............#
#####.##.######
#.##.#######


You could see Natasha, a goblin and a kobold.

Vanquished Creatures
  An adder (D:3)
  An ooze (D:2)
  A worm (D:2)
  A giant cockroach (D:2)
  4 goblins
  5 hobgoblins
  2 jackals (D:3)
  A quokka (D:2)
  2 ball pythons
  8 bats
  A giant newt (D:1)
  3 kobolds (D:1)
  7 rats
37 creatures vanquished.

Notes
Turn   | Place    | Note
--------------------------------------------------------------
     0 | D:1      | Liam the Deep Elf Wizard began the quest for the Orb.
     0 | D:1      | Reached XP level 1. HP: 10/10 MP: 7/7
   437 | D:1      | Reached XP level 2. HP: 15/15 MP: 4/9
   648 | D:1      | Learned a level 2 spell: Blink
   651 | D:1      | Learned a level 2 spell: Repel Missiles
   737 | D:1      | Reached skill level 5 in Spellcasting
  1632 | D:2      | Reached XP level 3. HP: 19/19 MP: 8/11
  2468 | D:3      | Learned a level 3 spell: Conjure Flame
  2472 | D:3      | Learned a level 3 spell: Mephitic Cloud
  2590 | D:3      | Noticed Natasha
  2600 | D:3      | Slain by Natasha

Vault maps used:
D:1:      dpeg_arrival_arbitrary_a, kennysheep_pointless_box
D:2:      kennysheep_generic_room_15
D:3:      first_bread, uniq_crazy_yiuf_cottage, uniq_natasha

Skill      XL: |  1  2 |
---------------+-------+-----
Spellcasting   | 5 |  5.5
Conjurations   | 2 |  2.9
Dodging        | |  2.4
Stealth        | |  2.4
Summonings     | |  1.1
Translocations | |  1.1

Action                   || total
-------------------------++-------
 Cast: Magic Dart        ||    93
  Use: Potion            ||     2
  Eat: Chunk             ||     4
